AoeStats
← TBOMazatzi

Black Forest

505754050Analyzed
3v3 RM · 21d ago on Sep 10, 2026· 26m 51s· 6 players
Game mode
Random Map
Map size
Normal (6 player)
Population
200
Speed
Normal
Resources
Standard
Victory
Conquest
Starting age
Dark Age
Ending age
Imperial Age
RankedLock teamsTeams togetherTeam positionsShared explorationLock speedFull tech treeHidden civsTurbo modeCheats
Victory
Defeat
🇲🇽 Berbers · Mexico
1481
+11
🇲🇽 Mongols · Mexico
1475
+11
🇲🇽 Burmese · Mexico
1472
+11
🇨🇴 Huns · Colombia
1402
-12
🇧🇪 Jurchens · Belgium
1367
-11
🇦🇺 Romans · Australia
1343
-10
[IMGG]Poncho
SweatyPenguin
11:25 Feudal Age
12:14 Loom
12:47 Man-at-Arms
15:29 Castle Age
13:37 Double-Bit Axe
15:15 Scale Mail Armor
16:16 Long Swordsman
20:41 Chain Mail Armor
22:28 Horse Collar
24:25 Forging
28:05 Iron Casting
Oblivion
1:52 Loom
11:27 Feudal Age
15:09 Castle Age
16:05 Scale Barding Armor
16:11 Forging
17:37 Bloodlines
24:07 Light Cavalry
UrielMazatzi
9:27 Feudal Age
13:57 Castle Age
11:45 Double-Bit Axe
12:06 Horse Collar
14:57 Bow Saw
15:42 Heavy Plow
22:40 Wheelbarrow
21:50 Town Watch
21:51 Loom
TBO Comico
10:57 Feudal Age
9:53 Loom
14:37 Castle Age
13:09 Double-Bit Axe
18:14 Loom
22:08 Horse Collar
24:07 Wheelbarrow
23:17 Town Watch
24:33 Heavy Plow
24:44 Bow Saw
25:10 Town Patrol
25:56 Gold Mining
26:01 Stone Mining
29:32 Imperial Age
TBOMazatzi
11:24 Feudal Age
15:06 Castle Age
13:19 Horse Collar
14:51 Loom
17:46 Sanctity
18:25 Redemption
20:36 Fervor
Connection lost

Rejoining the realm…

Still unreachable

The connection could not be restored.

Session expired

The server has moved on; the page needs a fresh start.